 Dungeon Crawl Stone Soup version 0.29.1-12-g30fa7ad0bf (webtiles) character file.

Game seed: 3285403421936361344

7976 hawla the Geomancer (level 11, 0/123 HPs)
             Began as a Meteoran Ice Elementalist on Dec 13, 2022.
             Was a Believer of Vehumet.
             Slain by a gargoyle
             ... wielding a +0 mace
              (21 damage)
             ... on level 9 of the Dungeon on Dec 14, 2022.
             The game lasted 00:35:05 (5198 turns).

hawla the Geomancer (Meteoran Ice Elementalist)     Turns: 5198, Time: 00:35:06

Health: 0/123      AC:  9    Str:  7    XL:     11   Next: 75%
Magic:  16/23      EV: 14    Int: 28    God:    Vehumet [**....]
Gold:   278        SH:  5    Dex: 15    Spells: 5/25 levels left

rFire   . . .      SeeInvis .     - Unarmed
rCold   + . .      Faith    .   (no shield)
rNeg    . . .      Spirit   .   q - +0 steam dragon scales
rPois   .          Reflect  +   (no helmet)
rElec   .          Harm     .   x - +0 cloak
rCorr   .          Rampage  .   n - +0 pair of gloves
Will    +....                   (no boots)
Stlth   ..........              w - amulet of reflection
HPRegen 0.30/turn               j - +6 ring of intelligence
MPRegen 0.18/turn               E - ring of protection from cold

@: berserking, glowing, very quick
A: sense surroundings 2, otherworldly, glowing, explore regen, iridescent scales
1, weak 1
a: Renounce Religion


You were on level 9 of the Dungeon.
You worshipped Vehumet.
Vehumet was pleased with you.
You visited 2 branches of the dungeon, and saw 10 of its levels.
You also visited: Sewer and Ossuary.

You collected 278 gold pieces.

Inventory:

Armour
 n - a +0 pair of gloves (worn)
 q - +0 steam dragon scales (worn)
 x - a +0 cloak (worn)
Jewellery
 j - a +6 ring of intelligence (left hand)
 u - an amulet of magic regeneration
 w - an amulet of reflection (around neck)
 C - an amulet of regeneration
 E - a ring of protection from cold (right hand)
Wands
 b - a wand of flame (3) (quivered)
 d - a wand of digging (7)
 g - a wand of quicksilver (4)
Scrolls
 f - 3 scrolls of identify
 h - a scroll of vulnerability
 o - 4 scrolls of teleportation
 s - a scroll of silence
 y - a scroll of blinking
 z - a scroll of enchant weapon
 D - a scroll of acquirement {unknown}
Potions
 a - a potion of flight {unknown}
 c - a potion of invisibility
 e - 3 potions of lignification
 i - 4 potions of heal wounds {unknown}
 k - 5 potions of degeneration {unknown}
 l - 2 potions of curing {unknown}
 m - 2 potions of attraction {unknown}
 p - a potion of cancellation
 t - a potion of mutation
 v - a potion of ambrosia
 A - 2 potions of might {unknown}
 B - a potion of haste {unknown}
 F - a potion of magic


   Skills:
 + Level 3.2 Fighting
 + Level 5.2 Dodging
 - Level 1.4 Stealth
 - Level 1.0 Unarmed Combat
 + Level 7.8 Spellcasting
 + Level 12.0 Conjurations
 + Level 6.3 Ice Magic
 + Level 13.5 Earth Magic
 + Level 3.4 Poison Magic
 + Level 0.7 Evocations


You had 5 spell levels left.
You knew the following spells:

 Your Spells              Type           Power      Damage    Failure   Level
a - Freeze                Ice            100%       1d11      1%          1
b - Frozen Ramparts       Ice            92%        1d14      1%          3
c - Hailstorm             Conj/Ice       58%        3d13      1%          4
d - Lehudib's Crystal Sp  Conj/Erth      35%        10d9      86%         8
e - Olgreb's Toxic Radia  Pois           30%        N/A       12%         4

Your spell library contained the following spells:

 Spells                   Type           Power      Damage    Failure   Level
 Searing Ray              Conj           100%       2d8       1%          2
 Ozocubu's Armour         Ice            46%        N/A       1%          3
 Leda's Liquefaction      Hex/Erth       24%        N/A       3%          4
 Beastly Appendage        Tmut           20%        N/A       4%          1
 Wereblood                Tmut           10%        N/A       8%          2
 Spider Form              Tmut/Pois      20%        N/A       8%          3
 Call Canine Familiar     Summ           10%        N/A       16%         3
 Portal Projectile        Hex/Tloc       20%        N/A       16%         3
 Tukima's Dance           Hex            10%        N/A       16%         3
 Passage of Golubria      Tloc           10%        N/A       45%         4
 Blade Hands              Tmut           5%         N/A       80%         5
 Silence                  Hex/Air        5%         N/A       80%         5
 Ozocubu's Refrigeration  Ice            23%        4d12      97%         7
 Ignition                 Fire           5%         3d4       100%        8


Dungeon Overview and Level Annotations

Branches:
Dungeon (9/15) Zot: 1043   Temple (1/1) D:6 Zot: 466   Sewer (visited)
Ossuary (visited)
   Lair: D:8-11         Orc: D:9-12

Altars:
Ashenzari
Dithmenos
Elyvilon
Fedhas
Gozag
Hepliaklqana
Kikubaaqudgha
Makhleb
Okawaru
Ru
Sif Muna
Trog
Uskayaw
Vehumet
Wu Jian
Xom
Yredelemnul
The Shining One

Shops:
D:3 (   D:9 (

Annotations:
D:3 1 runed translucent door, Crazy Yiuf


Innate Abilities, Weirdness & Mutations

You passively map the area around you.
You are easily found by Zot.
You glow in the dark.
You regain HP and MP as you explore.
You are partially covered in iridescent scales. (AC +2)
You are weak. (Str -2)


Message History

You kill the centaur!
Vehumet accepts your kill.
You feel your power returning.
The wall freezes the gargoyle.
The gargoyle misses you.
You hit the gargoyle but do no damage.
The gargoyle is heavily damaged.
The wall freezes the gargoyle but does no damage.
The gargoyle hurls a stone arrow at you.
The stone arrow hits you!
You hit the gargoyle.
The gargoyle is severely damaged.
The wall freezes the gargoyle but does no damage.
The gargoyle misses you.
You barely miss the gargoyle.
You punch the gargoyle, but do no damage.
The gargoyle is severely damaged.
The wall freezes the gargoyle but does no damage.
The gargoyle hurls a stone arrow at you.
The stone arrow misses you.
You hit the gargoyle but do no damage.
The gargoyle is heavily damaged.
The wall freezes the gargoyle.
The gargoyle hits you with a +0 mace!
You completely miss the gargoyle.
The gargoyle is severely damaged.
The wall freezes the gargoyle.
The gargoyle hits you with a +0 mace!
Okay, then.
You barely miss the gargoyle.
The gargoyle is almost destroyed.
The frozen ramparts melt away.
The gargoyle hurls a stone arrow at you.
The stone arrow hits you.
* * * LOW HITPOINT WARNING * * *
A red film seems to cover your vision as you go berserk!
You feel yourself moving faster!
You feel mighty! The gargoyle hits you with a +0 mace!
* * * LOW HITPOINT WARNING * * *
You barely miss the gargoyle.
The gargoyle is almost destroyed.
The gargoyle hits you with a +0 mace!!
You die...

#####.............. ,
#.............^.. ,,*,
#................ , *
#..............# * *
##...........>.#** ,
*#...#..##.#....# * ,
#....#.##.##..#... ,, , ,
, * #......##.....# . *
.###.......@##.... ** *
#.......9.......** , *
*...>..##..#...#..# .., *
,, *.##...
##........##.., , , *#.##
##).......... , , #. #
#............ ** ,,...###
#.##...........#*, , ,
,,......#.#.....(:....#,
, **
.###..?...........)(..#~.
* ,


You could see a gargoyle.

Vanquished Creatures
  2 two-headed ogres
  Sigmund (D:5)
  4 fire bats (D:8)
  2 steam dragons (D:8)
  Edmund (D:5)
  A hell hound (D:8)
  2 sky beasts
  A black bear (D:7)
  2 centaurs (D:9)
  2 phantoms
  Blork the orc (D:4)
  3 kobold brigands
  A bullfrog (D:8)
  9 scorpions
  2 necrophages (D:6)
  A jelly (D:6)
  7 killer bees
  2 howler monkeys (D:8)
  2 centaur zombies (Ossuary)
  2 lava snakes (D:8)
  A human zombie (Ossuary)
  2 hounds
  5 orc priests
  2 gnoll boudas
  Ijyb (D:4)
  3 scorpion zombies (Ossuary)
  3 iguanas
  An orc wizard (D:6)
  A hell rat (Sewer)
  3 mummies (Ossuary)
  Robin (D:3)
  12 gnolls
  10 adders
  A river rat (D:3)
  A shadow imp (D:6)
  2 ufetubi
  3 worms (D:3)
  2 dart slugs
  15 orcs
  A bat (D:1)
  2 endoplasms
  4 giant cockroaches
  11 goblins
  4 hobgoblins
  3 jackals (D:3)
  2 quokkas
  2 ball pythons
  A frilled lizard (D:3)
  A gnoll zombie (Ossuary)
  3 goblin zombies (Ossuary)
  3 hobgoblin zombies (Ossuary)
  18 kobolds
  4 kobold zombies (Ossuary)
  2 orc zombies (Ossuary)
  15 rats
  3 fire vortices (D:8)
196 creatures vanquished.

Vanquished Creatures (others)
  An orc (D:6)
1 creature vanquished.

Grand Total: 197 creatures vanquished

Notes
Turn   | Place    | Note
-------+----------+-------------------------------------------
     0 | D:1      | hawla the Meteoran Ice Elementalist began the quest for the
                  | Orb.
     0 | D:1      | Reached XP level 1. HP: 14/14 MP: 5/5
   103 | D:1      | Reached XP level 2. HP: 20/20 MP: 4/6
   224 | D:3      | Reached XP level 3. HP: 17/26 MP: 3/8
   236 | D:3      | Reached skill level 5 in Ice Magic
   382 | D:3      | Found Attihoos's Antique Weapon Shoppe.
   410 | D:3      | Found a runed translucent door.
   411 | D:3      | Noticed Crazy Yiuf
   463 | D:3      | Noticed Robin
   474 | D:3      | Reached XP level 4. HP: 11/33 MP: 5/10
   484 | D:3      | Found a glowing drain.
   489 | Sewer    | Entered a sewer
   514 | Sewer    | Learned a level 3 spell: Frozen Ramparts
   531 | Sewer    | Reached XP level 5. HP: 21/38 MP: 3/12
   569 | Sewer    | Learned a level 4 spell: Hailstorm
   589 | D:3      | Killed Robin
   590 | D:3      | Reached skill level 1 in Conjurations
   695 | D:3      | Reached XP level 6. HP: 45/45 MP: 4/13
   784 | D:4      | Noticed Blork the orc
   797 | D:4      | Killed Blork the orc
   798 | D:4      | Reached skill level 5 in Conjurations
   820 | D:4      | Noticed Ijyb
   837 | D:4      | Killed Ijyb
   838 | D:4      | Reached XP level 7. HP: 33/50 MP: 8/14
   961 | D:4      | Found a hide-covered altar of Uskayaw.
   962 | D:4      | Found a white marble altar of Elyvilon.
   963 | D:4      | Found an iron altar of Okawaru.
   967 | D:4      | Reached skill level 5 in Spellcasting
  1422 | D:5      | Entered Level 5 of the Dungeon
  1463 | D:5      | Noticed Edmund
  1480 | D:5      | Killed Edmund
  1481 | D:5      | Reached skill level 1 in Unarmed Combat
  1555 | D:5      | Reached XP level 8. HP: 47/57 MP: 1/18
  1564 | D:5      | Learned a level 8 spell: Lehudib's Crystal Spear
  1584 | D:5      | Reached skill level 2 in Earth Magic
  1928 | D:5      | Noticed Sigmund
  1946 | D:5      | Killed Sigmund
  1947 | D:5      | Reached skill level 4 in Earth Magic
  2352 | D:6      | Gained mutation: You are weak. (Str -2) [potion of
                  | mutation]
  2352 | D:6      | Gained mutation: You are partially covered in iridescent
                  | scales. (AC +2) [potion of mutation]
  2394 | D:6      | Reached skill level 5 in Earth Magic
  2488 | D:6      | Found a bloodstained altar of Trog.
  2490 | D:6      | Noticed a hornet
  2500 | D:6      | Paralysed by a hornet for 1 turns
  2635 | D:6      | Found a broken altar of Ashenzari.
  2689 | D:6      | Gained mutation: You passively map the area around you.
                  | [Meteoran growth]
  2689 | D:6      | Reached XP level 9. HP: 62/62 MP: 11/19
  3110 | D:7      | Reached skill level 6 in Earth Magic
  3524 | D:6      | Reached skill level 7 in Earth Magic
  3585 | D:6      | Found a staircase to the Ecumenical Temple.
  3594 | Temple   | Entered the Ecumenical Temple
  3701 | Temple   | Became a worshipper of Vehumet
  3825 | D:8      | Found a sand-covered staircase.
  3844 | Ossuary  | Entered an ossuary
  4165 | Ossuary  | Reached skill level 1 in Fighting
  4235 | Ossuary  | Reached XP level 10. HP: 72/74 MP: 8/20
  4238 | Ossuary  | Reached * piety under Vehumet
  4238 | Ossuary  | Offered knowledge of Sandblast by Vehumet.
  4300 | Ossuary  | Reached skill level 8 in Earth Magic
  4346 | Ossuary  | Glimpsed the power of Zot.
  4395 | Ossuary  | Reached skill level 5 in Dodging
  4397 | Ossuary  | Glimpsed the power of Zot.
  4437 | Ossuary  | Glimpsed the power of Zot.
  4447 | Ossuary  | Touched by the power of Zot.
  4506 | D:8      | Reached skill level 13 in Earth Magic
  4506 | D:8      | Reached XP level 11. HP: 53/53 MP: 21/21
  4599 | D:8      | Found a burning altar of Makhleb.
  4649 | D:8      | Noticed a two-headed ogre
  4653 | D:8      | Killed a two-headed ogre
  5078 | D:9      | Found Lyne's Weapon Boutique.
  5079 | D:9      | Offered knowledge of Searing Ray by Vehumet.
  5079 | D:9      | Reached ** piety under Vehumet
  5084 | D:9      | Noticed a two-headed ogre
  5086 | D:9      | Learned a level 4 spell: Olgreb's Toxic Radiance
  5105 | D:9      | Reached skill level 1 in Poison Magic
  5105 | D:9      | Killed a two-headed ogre
  5198 | D:9      | Slain by a gargoyle

Illustrated notes

Levels and vault maps discovered:
D:1:      dpeg_arrival_subterranean_lakeside_camping, layout_basic,
          chequers_serial_rivers_large_a, minmay_misc_feat_pillars,
          nrook_mini_backslash, hangedman_decor_opposing, minmay_misc_feat_room,
          minmay_misc_feat_columns, kennysheep_doodads,
          dreamdust_princess_corridor
D:2:      layout_loops_ring
D:3:      layout_rooms, serial_shops, nicolae_shop_waterfront,
          chequers_ecumenical_altar_simple, lightli_sewer_entry_pipes,
          uniq_crazy_yiuf_cottage, uniq_robin
D:4:      layout_basic, chequers_temple_overflow_statue_of_worship,
          grunt_decor_mini_mirrors, corexii_hall_statues_deadend, st_stairs_1,
          hangedman_decor_diamond_cutter, uniq_blork_the_orc, uniq_ijyb
D:5:      layout_basic, chequers_jeans, kennysheep_another_room,
          minmay_misc_feat_secret_circle, uniq_sigmund, uniq_edmund
D:6:      layout_loops_corners, nicolae_ashenzari_skybound,
          mainiacjoe_overflow_small_starburst, lemuel_temple_firewalk_a
D:7:      layout_rooms
D:8:      layout_rooms, bloody_makhleb, enter_ossuary_1, hangedman_incinerator
D:9:      layout_cave_pools, serial_shops, nicolae_shop_waterfront, shop, shop
Temple:   bh_familiar_temple

Skill      XL: |  1  2  3  4  5  6  7  8  9 10 11 |
---------------+----------------------------------+-----
Spellcasting   | 3 4 6 7 |  7.8
Ice Magic      | 5 6 |  6.3
Dodging        | 3 4 5 |  5.2
Conjurations   | 3 5 6 8 11 12 | 12.0
Unarmed Combat | 1 |  1.0
Earth Magic    | 5 7 13 | 13.5
Fighting       | 2 3 |  3.2
Poison Magic   | 3 |  3.4
Stealth        | |  1.4
Evocations     | |  0.7

Action                   |  1- 3 |  4- 6 |  7- 9 | 10-12 || total
-------------------------+-------+-------+-------+-------++-------
Melee: Unarmed           |     6 |     4 |   155 |    74 ||   239
       Punch             |       |       |     3 |     1 ||     4
 Cast: Freeze            |    55 |    41 |    58 |    15 ||   169
       Frozen Ramparts   |       |    10 |    32 |    19 ||    61
       Hailstorm         |       |     3 |    32 |    40 ||    75
       Olgreb's Toxic Ra |       |       |       |     3 ||     3
Evoke: Wand              |       |       |    12 |       ||    12
  Use: Scroll            |     2 |       |    14 |     6 ||    22
       Potion            |       |     1 |     1 |     2 ||     4
Armor: Robe              |    23 |    14 |    85 |    21 ||   143
       Steam dragon scal |       |       |       |     7 ||     7
Dodge: Dodged            |    33 |    30 |   115 |    44 ||   222
Block: Other             |       |       |       |     9 ||     9
       Reflection        |       |       |       |     2 ||     2
